Map: Chain of Ascension

Players

Pain

  • Race: Terran Terran
  • Spawn Location: 11:00

SubjectXile

  • Race: Terran Terran
  • Spawn Location: 11:00

VOD

Have the link to the VOD?

Description

Time

  • Played on: March 15, 2018, 8:04 p.m.
  • Length: 21:44
Show
View Real Time Build Order
Export as new Build Order

Pain Terran 

Build Orders:  

Get SALT Encoding   

  12  0:05  SCV  
  13  0:32  Supply Depot, SCV  
  14  0:45  Barracks  
  14  1:04  SCV  
  15  1:32  SCV, Engineering Bay  
  15  1:36  Marine  
  17  1:48  Marine  
  17  1:49  SCV  
  19  2:01  Marine  
  20  2:17  Refinery  
  20  2:22  Marine  
  21  2:35  Marine, SCV  
  23  2:56  Supply Depot  
  23  3:26  Marine, SCV  
  23  3:29  Supply Depot  
  25  3:38  Marine  
  26  3:43  SCV  
  27  3:55  Barracks Reactor  
  27  4:00  SCV  
  28  4:17  SCV  
  29  4:52  Terran Infantry Weapons Level 1  
  29  4:54  Marine x2  
  31  5:06  Marine x2  
  33  5:11  Barracks  
  33  5:18  Marine  
  33  5:19  Marine  
  35  5:31  Marine x2  
  37  5:43  Marine x2  
  39  5:53  Barracks Tech Lab  
  39  6:11  Factory  
  39  6:12  Combat Shields  
  39  6:28  Marine x3  
  32  6:41  Marine x3  
  30  6:53  Marine x2  
  30  7:07  SCV  
  31  7:21  Supply Depot, Marine x2  
  31  7:22  Marine  
  31  7:24  SCV  
  35  7:34  Marine x3  
  35  7:39  Terran Infantry Armor Level 1  
  38  7:40  SCV  
  38  7:48  Factory Tech Lab  
  39  7:51  Marine  
  39  7:54  Supply Depot  
  38  8:24  Marine  
  38  8:25  Marine x2  
  38  8:26  Supply Depot  
  41  8:37  Marine x3  
  44  8:49  Marine  
  54  8:50  Marine x2, Refinery  
  47  9:02  Siege Tank, Marine x2  
  52  9:15  Marine  
  52  9:16  Marine x2  
  55  9:27  Marine  
  55  9:28  Marine x2  
  58  9:39  Marine  
  58  9:41  Marine x2  
  61  9:52  Marine  
  61  9:53  Marine  
  63  10:00  Supply Depot  
  63  10:02  Orbital Command  
  63  10:30  Marine x2  
  63  10:32  Supply Depot  
  65  10:46  Marine x3  
  68  10:58  Marine x2  
  68  10:59  Marine  
  69  11:04  Supply Depot  
  66  11:11  Marine x3  
  66  11:18  Siege Tank  
  68  11:23  Marine x2  
  68  11:24  Marine  
  70  11:36  Marine x3  
  73  11:42  Siege Tank  
  73  11:48  Marine x3  
  78  12:01  Marine x3  
  78  12:05  Siege Tank  
  84  12:13  Marine x2  
  85  12:52  Marine x2  
  87  13:03  Supply Depot  
  87  13:19  Supply Depot  
  87  13:33  Siege Tank, Marine x3  
  87  13:34  Supply Depot  
  93  13:40  Barracks  
  93  13:45  Marine x2  
  84  13:50  SCV  
  95  13:51  Supply Depot  
  96  14:05  Supply Depot, Marine x3  
  96  14:06  SCV  
  100  14:12  Starport  
  100  14:16  Barracks  
  100  14:24  Factory  
  100  14:44  Marine x3  
  103  14:56  Supply Depot, Marine x3  
  106  15:05  Starport  
  106  15:06  Siege Tank  
  106  15:27  Supply Depot  
  83  15:54  Marine x3  
  83  15:57  Siege Tank x2  
  78  16:07  Marine x3  
  80  16:19  Siege Tank, Marine x3  
  76  16:21  Siege Tank  
  82  16:31  Marine  
  82  16:32  Marine x2  
  84  16:44  Marine x3  
  87  16:57  Marine  
  88  17:05  Marine x2  
  88  17:09  Marine  
  90  17:18  Marine x2  
  93  17:21  Marine  
  94  17:30  Marine x2  
  94  17:34  Marine  
  97  17:43  Siege Tank, Marine x2  
  97  17:46  Marine x3  
  102  17:55  Marine x2  
  102  17:59  Marine x3  
  106  18:02  Siege Tank  
  106  18:07  Marine  
  106  18:08  Marine  
  105  18:11  Marine  
  106  18:50  Marine x5  
  111  19:02  Marine x3  
  111  19:03  Marine x2  
  116  19:10  Supply Depot  
  116  19:15  Marine x5  
  121  19:37  Armory  
  121  19:43  Supply Depot  
  89  20:32  Marine  
  89  20:33  Marine x4  
  94  20:45  Marine x5  
  99  21:07  Siege Tank  
  102  21:27  Marine x5  
Show
View Real Time Build Order
Export as new Build Order

SubjectXile Terran 

Build Orders:  

Get SALT Encoding   

  12  0:14  Refinery  
  12  0:28  Refinery  
  12  1:02  SCV  
  13  1:19  SCV  
  14  1:26  Ghost Visor  
  14  1:36  SCV  
  15  1:53  SCV  
  16  2:10  SCV  
  16  2:11  Caduceus Reactor  
  16  2:13  Barracks  
  17  2:27  SCV  
  18  3:20  Griffin Airstrike  
  18  3:37  SCV  
  18  3:39  Factory  
  19  5:06  Armory  
  19  5:31  SCV  
  20  5:48  SCV  
  21  6:37  Defensive Drone  
  21  7:11  Operational Efficiency  
  21  8:11  Infernal Projectiles  
  21  8:43  Engineering Bay  
  21  9:42  Terran Infantry Weapons Level 1  
  21  11:01  Griffin Airstrike  
  21  12:15  Griffin Airstrike  
  21  12:22  Terran Infantry Armor Level 1  
  21  15:49  Defensive Drone  
Tags
 
Commander
NovaRaynor
Matchup
Co-op
Replay Pack
RP
Add a new tag
Caveats
  • Supply blocks, unpowered buildings, or Contaminate may cause inaccurate times.
  • Supply counts are checked every 10 seconds.